 Seeded DCSS version 0.30-a0-352-g1e81539 (webtiles) character file.

Game seed: 3101965534844506991 (custom seed)

2459 Illumine the Insei (level 9, -7/68 HPs)
             Began as a Human Transmuter on Nov 6, 2022.
             Was an Initiate of Gozag.
             Mangled by an orc warrior
             ... wielding a +0 mace
              (16 damage)
             ... on level 7 of the Dungeon on Nov 7, 2022.
             The game lasted 00:14:50 (7656 turns).

Illumine the Insei (Human Transmuter)               Turns: 7656, Time: 00:14:51

Health: -7/68      AC:  4    Str: 21    XL:     9   Next: 79%
Magic:  13/13      EV: 13    Int: 18    God:    Gozag
Gold:   959        SH:  0    Dex: 13    Spells: 8/14 levels left

rFire   . . .      SeeInvis .    e - +12 glaive of Brutal Revenge {flame, Str+4}
rCold   . . .      Faith    .    (shield currently unavailable)
rNeg    . . .      Spirit   .    a - +0 robe
rPois   +          Reflect  .    B - +0 helmet
rElec   .          Harm     .    (no cloak)
rCorr   .          Rampage  .    y - +0 pair of gloves
Will    .....                    (no boots)
Stlth   +.........               x - amulet of magic regeneration
HPRegen 0.31/turn                u - +6 ring of strength
MPRegen 0.53/turn                w - ring of poison resistance

@: mighty, wereblooded (expiring)
A: no striking features
a: Renounce Religion, Potion Petition, Call Merchant, Bribe Branch


You were on level 7 of the Dungeon.
You worshipped Gozag.
Gozag was pleased with you.
You visited 1 branch of the dungeon, and saw 7 of its levels.

You collected 1011 gold pieces.
You paid 52 gold pieces to Gozag.

Inventory:

Hand Weapons
 e - the +12 glaive of Brutal Revenge (weapon) {flame, Str+4}
   (You found it on level 6 of the Dungeon)

   It burns those it strikes, dealing additional fire damage.
   Big, fiery blades are also staple armaments of hydra-hunters.
   Str:       It affects your strength (+4).
Armour
 a - a +0 robe (worn)
 y - a +0 pair of gloves (worn)
 B - a +0 helmet (worn)
Jewellery
 c - a ring of flight
 k - a ring of magical power
 r - a +6 ring of intelligence
 u - a +6 ring of strength (left hand)
 w - a ring of poison resistance (right hand)
 x - an amulet of magic regeneration (around neck)
Wands
 i - a wand of polymorph (11)
 t - a wand of charming (9)
 C - a wand of roots (8)
 D - a wand of flame (22)
Scrolls
 b - 2 scrolls of blinking
 f - a scroll of poison
 g - 2 scrolls of teleportation
 l - a scroll of enchant weapon {unknown}
 p - a scroll of amnesia {unknown}
 s - a scroll of butterflies {unknown}
 z - a scroll of immolation {unknown}
 A - a scroll of enchant armour {unknown}
Potions
 d - a potion of mutation {unknown}
 h - 2 potions of curing
 j - 3 potions of might
 m - 2 potions of invisibility
 n - a potion of ambrosia
 q - a potion of brilliance
 v - a potion of attraction {unknown}


   Skills:
 + Level 5.1 Fighting
 * Level 2.6 Polearms
 + Level 1.1 Armour
 - Level 5.0 Dodging
 - Level 7.1 Unarmed Combat
 - Level 3.1 Spellcasting
 + Level 4.7 Transmutations
 - Level 3.0 Poison Magic
 + Level 3.9 Evocations


You had 8 spell levels left.
You knew the following spells:

 Your Spells              Type           Power      Damage    Failure   Level
a - Beastly Appendage     Tmut           38%        N/A       2%          1
b - Wereblood             Tmut           19%        N/A       3%          2
c - Spider Form           Tmut/Pois      16%        N/A       10%         3

Your spell library contained the following spells:

 Spells                   Type           Power      Damage    Failure   Level
 Ensorcelled Hibernation  Hex/Ice        4%         N/A       24%         2
 Sublimation of Blood     Necr           2%         N/A       24%         2
 Ice Form                 Ice/Tmut       11%        N/A       52%         4
 Anguish                  Hex/Necr       1%         N/A       85%         4
 Summon Hydra             Summ           1%         N/A       100%        7


Dungeon Overview and Level Annotations

Branches:
Dungeon (7/15)             Temple (0/1) D:6

Altars:
Ashenzari
Cheibriados
Dithmenos
Fedhas
Gozag
Hepliaklqana
Qazlal
Trog
Vehumet
Wu Jian
Xom

Shops:
D:6 (

Annotations:
D:3 3 runed translucent doors, Radamante's ghost, amateur NaGl
D:6 1 runed translucent door, geeeeen's ghost, amateur GnEE


Message History

The orc warrior misses you.
Unknown command.
You barely miss the orc warrior.
The orc warrior is heavily wounded.
The kobold shouts!
The kobold is no longer distracted by gold.
The kobold misses you. The kobold barely misses you.
The orc warrior barely misses you. The kobold closely misses you.
The kobold barely misses you.
You barely miss the orc warrior.
The orc warrior is heavily wounded.
The orc warrior is distracted by your dazzling golden aura.
The kobold closely misses you. The kobold hits you with a +0 dagger.
The orc warrior shouts!
Unknown command.
You barely miss the kobold. The kobold closely misses you.
The kobold hits you but does no damage. The kobold barely misses you. x2
Unknown command.
You slice the kobold!! You burn the kobold.
You feel a bit better.
You kill the kobold!
The orc warrior is no longer distracted by gold.
The kobold closely misses you.
The orc warrior hits you with a +0 mace.
* * * LOW HITPOINT WARNING * * *
The kobold misses you. The orc completely misses you.
You slice the orc!! You burn the orc.
You feel a bit better.
You kill the orc!
Your primal bloodlust is almost over.
The orc warrior hits you with a +0 mace!
* * * LOW HITPOINT WARNING * * *
The kobold hits you but does no damage.
The orc warrior hits you but does no damage.
You closely miss the orc warrior.
The orc warrior is heavily wounded.
The kobold hits you with a +0 club.
* * * LOW HITPOINT WARNING * * *
The kobold closely misses you.
The orc warrior hits you with a +0 mace!
You die...
Your body crumbles into a pile of gold.

#...........#........'....
#....##.....#.......<#....
#....##.....#........#..##
#....#......'........####.
#....'......#........# #.
#....##.....#........# #.
#....##.....#........# +.
#.......K$..#........# #.
#....##..@o.#........####.
#....#####K##......$......
#....#............. ......
#....#.o........... ......
###'##.K........... ......
....Koo.......... .#'###
.KKKK............ #.
..o#######...... # K..
......


You could see an orc warrior and 2 kobolds.

Vanquished Creatures
  A gargoyle (D:6)
  2 steam dragons
  2 black bears
  A centaur (D:7)
  A phantom (D:4)
  A kobold brigand (D:7)
  2 bullfrogs (D:7)
  A necrophage (D:6)
  5 scorpions
  A jelly (D:7)
  3 hounds
  10 orc priests
  4 iguanas
  Ijyb (D:3)
  8 orc wizards
  9 gnolls
  5 adders
  A shadow imp (D:6)
  2 white imps (D:6)
  An ufetubus (D:7)
  4 dart slugs (D:2)
  37 orcs
  7 endoplasms
  9 giant cockroaches
  8 goblins
  3 hobgoblins (D:1)
  8 jackals (D:3)
  9 kobolds
  7 quokkas
  6 ball pythons
  7 bats
  3 frilled lizards
  12 rats
181 creatures vanquished.

Vanquished Creatures (others)
  An adder (D:6)
  A white imp (D:6)
2 creatures vanquished.

Grand Total: 183 creatures vanquished

Notes
Turn   | Place    | Note
-------+----------+-------------------------------------------
     0 | D:1      | Illumine the Human Transmuter began the quest for the Orb.
     0 | D:1      | Reached XP level 1. HP: 15/15 MP: 3/3
    82 | D:1      | Reached XP level 2. HP: 9/21 MP: 3/5
   110 | D:1      | Learned a level 2 spell: Wereblood
   360 | D:1      | Reached XP level 3. HP: 17/26 MP: 3/6
  1017 | D:2      | Reached XP level 4. HP: 33/33 MP: 7/7
  1183 | D:2      | Learned a level 3 spell: Spider Form
  1557 | D:2      | Reached skill level 4 in Unarmed Combat
  2068 | D:3      | Found an opulent altar of Gozag.
  2070 | D:3      | Found a bloodstained altar of Trog.
  2072 | D:3      | Found a shadowy altar of Dithmenos.
  2072 | D:3      | Found a hazy altar of Hepliaklqana.
  2085 | D:2      | Reached XP level 5. HP: 31/38 MP: 8/8
  2450 | D:3      | Found a broken altar of Ashenzari.
  2451 | D:3      | Found a runed translucent gate.
  2451 | D:3      | Found a runed translucent gate.
  2451 | D:3      | Found a runed translucent gate.
  2451 | D:3      | Noticed Radamante's ghost (amateur NaGl)
  2452 | D:3      | Found a snail-covered altar of Cheibriados.
  2479 | D:3      | Noticed Ijyb
  2496 | D:3      | Killed Ijyb
  2501 | D:3      | Reached XP level 6. HP: 46/46 MP: 9/9
  2665 | D:3      | HP: 1/46 [orc priest/+0 club (3)]
  3007 | D:3      | Found a radiant altar of Vehumet.
  3019 | D:3      | Became a worshipper of Gozag Ym Sagoz the Greedy
  3464 | D:4      | Reached skill level 5 in Unarmed Combat
  3464 | D:4      | Reached skill level 1 in Poison Magic
  3468 | D:4      | Reached skill level 1 in Evocations
  3470 | D:4      | Reached XP level 7. HP: 24/52 MP: 10/10
  3992 | D:4      | Found a blossoming altar of Fedhas.
  3996 | D:4      | Found a stormy altar of Qazlal.
  4464 | D:5      | Entered Level 5 of the Dungeon
  4521 | D:5      | Reached XP level 8. HP: 53/58 MP: 10/12
  4602 | D:5      | Identified the +2 chain mail "Hiojymnyu" {Harm rElec}
  4753 | D:5      | Identified the +5 rapier "Ummehiw" {elec, rPois Str+3
                  | Dex+2}
  4845 | D:5      | Reached skill level 6 in Unarmed Combat
  5553 | D:6      | Found a runed translucent door.
  5554 | D:6      | Found a shimmering altar of Xom.
  5554 | D:6      | Noticed geeeeen's ghost (amateur GnEE)
  5556 | D:6      | Noticed a +1 dagger of chaos
  5671 | D:6      | Found an ornate altar of the Wu Jian Council.
  5857 | D:6      | Found a staircase to the Ecumenical Temple.
  6146 | D:6      | Reached XP level 9. HP: 57/65 MP: 13/13
  6150 | D:6      | Noticed a gargoyle
  6172 | D:6      | Killed a gargoyle
  6173 | D:6      | Reached skill level 7 in Unarmed Combat
  6340 | D:6      | Identified the +12 glaive of Brutal Revenge {flame, Str+4}
  6462 | D:6      | Found Wyukhots's Weapon Shop.
  6777 | D:7      | Reached skill level 1 in Polearms
  7207 | D:7      | Reached skill level 5 in Dodging
  7346 | D:7      | Reached skill level 5 in Fighting
  7640 | D:7      | Reached skill level 1 in Armour
  7656 | D:7      | Mangled by an orc warrior

Illustrated notes

Levels and vault maps discovered:
D:1:      dpeg_arrival_shelter, layout_loops_ring, minmay_misc_feat_enclosed,
          nicolae_kite_square_tiling_tiny
D:2:      layout_loops_corners, roderic_roman_lattice,
          chequers_serial_rivers_marsh, minmay_quadrilaterals
D:3:      layout_basic, grunt_temple_overflow_open, ebering_ghost_rock_garden,
          uniq_ijyb
D:4:      layout_cave_pods, grunt_temple_overflow_forces_of_nature,
          portal_sewer_entry_e, hangedman_abyss_or_decor_stabs
D:5:      layout_loops_ring, hangedman_abyss_or_decor_passed
D:6:      minmay_octagon_keep, layout_basic,
          mainiacjoe_overflow_concentric_impassable, temple_green,
          ebering_ghost_xom, serial_shops, shop, kennysheep_pointless_box,
          eino_small_chamber_without_monster
D:7:      layout_gridville

Skill      XL: |  1  2  3  4  5  6  7  8  9 |
---------------+----------------------------+-----
Fighting       | 2 3 4 5 |  5.1
Unarmed Combat | 4 5 6 7 |  7.1
Dodging        | 3 4 5 |  5.0
Poison Magic   | 1 2 3 |  3.0
Evocations     | 1 2 3 |  3.9
Transmutations | 3 4 |  4.7
Spellcasting   | 3 |  3.1
Polearms       | 2 |  2.6
Armour         | 1 |  1.1

Action                   |  1- 3 |  4- 6 |  7- 9 || total
-------------------------+-------+-------+-------++-------
Melee: Unarmed           |    90 |   180 |   207 ||   477
       Kick              |    16 |     7 |     5 ||    28
       Headbutt          |     9 |     7 |     2 ||    18
       Punch             |     1 |     5 |     2 ||     8
       Glaive            |       |       |    61 ||    61
 Cast: Beastly Appendage |    12 |    12 |    12 ||    36
       Wereblood         |     1 |     8 |    13 ||    22
       Spider Form       |       |     6 |    16 ||    22
  Use: Potion            |       |     5 |     4 ||     9
       Scroll            |       |       |    10 ||    10
 Stab: Sleeping          |       |     4 |       ||     4
       Invisible         |       |     2 |       ||     2
       Distracted        |       |       |     1 ||     1
Armor: Robe              |    10 |    38 |    29 ||    77
       Skin              |       |     2 |    10 ||    12
Dodge: Dodged            |    52 |   146 |   251 ||   449

Table legend: (Time is in decaauts)
 A = Elapsed time spent in this place.
 B = Non-inter-level travel time spent in this place.
 C = Inter-level travel time spent in this place.
 D = Time resting spent in this place.
 E = Time spent auto-exploring this place.
 F = Levels seen in this place.
 G = Mean time per level.
                   A        B        C        D        E       F      G
               +--------+--------+--------+--------+--------+-----+--------+
         Total |   7651 |   7370 |    281 |    759 |   5211 |   7 | 1093.0 |
       Dungeon |   7651 |   7370 |    281 |    759 |   5211 |   7 | 1093.0 |
               +--------+--------+--------+--------+--------+-----+--------+

Top non-repeatable levels by time:
     D:6: 1362 daAuts
     D:2: 1263 daAuts
     D:4: 1143 daAuts
     D:3: 1122 daAuts
     D:5: 938 daAuts
     D:1: 910 daAuts
     D:7: 910 daAuts
